 Dungeon Crawl Stone Soup version 0.29.1-15-g9cfb28693d (console) character file.

Game seed: 18072054963185425627

2 sentinel the Digger (level 1, 14/14 HPs)
             Began as a Meteoran Earth Elementalist on Aug 15, 2023.
             Quit the game on level 1 of the Dungeon.
             The game lasted 00:00:04 (186 turns).

sentinel the Digger (Meteoran Earth Elementalist)    Turns: 186, Time: 00:00:05

Health: 14/14      AC:  2    Str:  9    XL:     1   Next: 42%
Magic:  5/5        EV: 12    Int: 16    God:
Gold:   0          SH:  0    Dex: 14    Spells: 4/5 levels left

rFire   . . .      SeeInvis .   (no weapon)
rCold   . . .      Faith    .   (no shield)
rNeg    . . .      Spirit   .   a - +0 robe
rPois   .          Reflect  .   (no helmet)
rElec   .          Harm     .   (no cloak)
rCorr   .          Rampage  .   (no gloves)
Will    .....                   (no boots)
Stlth   +.........              (no amulet)
HPRegen 0.04/turn               (no ring)
MPRegen 0.09/turn               (no ring)

@: glowing
A: sense surroundings 1, otherworldly, glowing, explore regen
a: no special abilities


You were on level 1 of the Dungeon.
You visited 1 branch of the dungeon, and saw 1 of its levels.

Inventory:

Armour
 a - a +0 robe (worn)
Jewellery
 c - an amulet of reflection
Potions
 b - a potion of magic
 d - a potion of resistance {unknown}


   Skills:
 - Level 2.4 Dodging
 - Level 1.4 Stealth
 - Level 2.6 Spellcasting
 - Level 1.2 Transmutations
 + Level 3.8 Earth Magic


You had 4 spell levels left.
You knew the following spells:

 Your Spells              Type           Power      Damage    Failure   Level
a - Sandblast             Erth           28%        2d8       4%          1

Your spell library contained the following spells:

 Spells                   Type           Power      Damage    Failure   Level
 Passwall                 Tmut/Erth      8%         N/A       11%         2
 Stone Arrow              Conj/Erth      16%        3d8       26%         3
 Petrify                  Tmut/Erth      10%        N/A       56%         4


Dungeon Overview and Level Annotations

Branches:
Dungeon (1/15) Zot: 412

Altars:


Innate Abilities, Weirdness & Mutations

You passively map a small area around you.
You are easily found by Zot.
You glow in the dark.
You regain HP and MP as you explore.


Message History

Unknown command.
Unknown command.
c - an amulet of reflection You see here a +0 mace.
Unknown command.
d - a purple potion Unknown command.
Found a dagger and 10 gold pieces.
Unknown command.
Found a leather armour.
Unknown command.
You see here a +0 leather armour.
A rat comes into view.
Unknown command.
The blast of sand hits the rat!
You kill the rat!
You can't see any susceptible monsters within range! (Use Z to cast anyway.) Unknown command.
You can't see any susceptible monsters within range! (Use Z to cast anyway.) Unknown command.
You can't see any susceptible monsters within range! (Use Z to cast anyway.) Unknown command.
You can't see any susceptible monsters within range! (Use Z to cast anyway.) Unknown command.
No target in view!
No target in view!
You can't see any susceptible monsters within range! (Use Z to cast anyway.) Unknown command.
You can't see any susceptible monsters within range! (Use Z to cast anyway.) Unknown command.
You can't see any susceptible monsters within range! (Use Z to cast anyway.) Unknown command.
You can't see any susceptible monsters within range! (Use Z to cast anyway.) Unknown command.
No target in view!
No target in view!
You can't see any susceptible monsters within range! (Use Z to cast anyway.) Unknown command.
You can't see any susceptible monsters within range! (Use Z to cast anyway.) Unknown command.
You can't see any susceptible monsters within range! (Use Z to cast anyway.) Unknown command.
You can't see any susceptible monsters within range! (Use Z to cast anyway.) Unknown command.
You see here a rat corpse.
Magic restored.
A bat comes into view.
Unknown command.
But you're not safe!
Unknown command.
But you're not safe!
Unknown command.
But you're not safe!
Unknown command.
But you're not safe!
Unknown command.
You barely miss the bat. The bat barely misses you.
You hit the bat but do no damage. The bat hits you but does no damage.
The blast of sand hits the bat.
The bat is moderately wounded.
The bat completely misses you.
Unknown command.
The blast of sand hits the bat!
You kill the bat!
Unknown command.
You can't see any susceptible monsters within range! (Use Z to cast anyway.) Unknown command.
You can't see any susceptible monsters within range! (Use Z to cast anyway.) Unknown command.
No target in view!
No target in view!
You can't see any susceptible monsters within range! (Use Z to cast anyway.) Unknown command.
You can't see any susceptible monsters within range! (Use Z to cast anyway.) Unknown command.
You can't see any susceptible monsters within range! (Use Z to cast anyway.) Unknown command.
You can't see any susceptible monsters within range! (Use Z to cast anyway.) Unknown command.
No target in view!
No target in view!
You can't see any susceptible monsters within range! (Use Z to cast anyway.) Unknown command.
You can't see any susceptible monsters within range! (Use Z to cast anyway.) Unknown command.
You can't see any susceptible monsters within range! (Use Z to cast anyway.) Unknown command.
You can't see any susceptible monsters within range! (Use Z to cast anyway.) Unknown command.
You see here a bat corpse.
You see here a bat corpse.
Found an escape hatch in the floor.
Unknown command.
You see here a +0 leather armour.
A rat comes into view.
Found 11 gold pieces.
Unknown command.
But you're not safe!
Unknown command.
But you're not safe!
Unknown command.
But you're not safe!
Unknown command.
Found 18 gold pieces.
The blast of sand hits the rat!
You kill the rat!
Unknown command.
You can't see any susceptible monsters within range! (Use Z to cast anyway.) Unknown command.
You can't see any susceptible monsters within range! (Use Z to cast anyway.) Unknown command.
You can't see any susceptible monsters within range! (Use Z to cast anyway.) Unknown command.
No target in view!
No target in view!
You can't see any susceptible monsters within range! (Use Z to cast anyway.) Unknown command.
You can't see any susceptible monsters within range! (Use Z to cast anyway.) Unknown command.
You can't see any susceptible monsters within range! (Use Z to cast anyway.) Unknown command.
You can't see any susceptible monsters within range! (Use Z to cast anyway.) Unknown command.
No target in view!
No target in view!
You can't see any susceptible monsters within range! (Use Z to cast anyway.) Unknown command.
You can't see any susceptible monsters within range! (Use Z to cast anyway.) Unknown command.
You can't see any susceptible monsters within range! (Use Z to cast anyway.) Unknown command.
You can't see any susceptible monsters within range! (Use Z to cast anyway.) Unknown command.
You see here 14 gold pieces.
A frilled lizard comes into view.
Found a leather armour.
Unknown command.
But you're not safe!
Unknown command.
But you're not safe!
Unknown command.
But you're not safe!
Unknown command.
But you're not safe!
Unknown command.
Unknown command.
Unknown command.
Unknown command.
Unknown command.
Are you sure you want to abandon this character and quit the game? (Confirm with "yes".)

......... * , ,
######### , .., .. * #
########.###[#* * #
#......#.....#
##########.#.##.#..l..#
,,
...........#..#.#.....
, ..######...#.##.#...,
...........#.#$.#.###,
.$##..##...#.#..@...#
:..........#.#...##!#,
############...$.# * #
#.#..$...# , * *
#.#+######, * .. , , ,
... #... ,, , , #... ,*
**,


You could see a frilled lizard (asleep).

Vanquished Creatures
  A bat (D:1)
  2 rats (D:1)
3 creatures vanquished.

Notes
Turn   | Place    | Note
-------+----------+-------------------------------------------
     0 | D:1      | sentinel the Meteoran Earth Elementalist began the quest
                  | for the Orb.
     0 | D:1      | Reached XP level 1. HP: 14/14 MP: 5/5
   186 | D:1      | Quit the game

Illustrated notes

Levels and vault maps discovered:
D:1:      dpeg_arrival_line_fractal, layout_basic,
          dreamdust_ecumenical_altar_hidden_monk_grotto, serial_glass,
          glass_columns_b, glass_columns_a

Action                   || total
-------------------------++-------
Melee: Unarmed           ||     2
 Cast: Sandblast         ||     4
Armor: Robe              ||     1
Dodge: Dodged            ||     2
